 Dungeon Crawl Stone Soup version 0.30-a0-359-gd0147acb1a (webtiles) character file.

Game seed: 14808182154832416679

1461 oldriver the Thaumaturge (level 8, 0/61 HPs)
             Began as a Mummy Necromancer on Nov 12, 2022.
             Slain by an ice beast (6 damage)
             ... on level 5 of the Dungeon.
             The game lasted 00:07:21 (5558 turns).

oldriver the Thaumaturge (Mummy Necromancer)        Turns: 5558, Time: 00:07:21

Health: 0/61       AC:  2    Str: 11    XL:     8   Next: 48%
Magic:  6/20       EV: 12    Int: 16    God:
Gold:   241        SH:  0    Dex: 13    Spells: 16/24 levels left

rFire   x . .      SeeInvis .    b - +2 whip (elec)
rCold   + . .      Faith    +    (no shield)
rNeg    + + +      Spirit   .    a - +0 robe
rPois   ∞          Reflect  .    (no helmet)
rElec   .          Harm     .    (no cloak)
rCorr   .          Rampage  .    (no gloves)
Will    +....                    (no boots)
Stlth   ++........               (no amulet)
HPRegen 0.30/turn                j - ring of wizardry
MPRegen 0.17/turn                (no ring)

@: no status effects
A: cold resistance 1, negative energy resistance 3, torment resistance 2, heat
vulnerability 1, in touch with death 1, no potions, faith
a: no special abilities


You were on level 5 of the Dungeon.
You visited 1 branch of the dungeon, and saw 6 of its levels.

You collected 241 gold pieces.

Inventory:

Hand Weapons
 b - a +2 whip of electrocution (weapon)
Armour
 a - a +0 robe (worn)
Jewellery
 j - a ring of wizardry (left hand)
 o - an amulet of the acrobat
 p - a +4 ring of protection
Wands
 l - a wand of mindburst (9)
Scrolls
 c - 4 scrolls of teleportation {unknown}
 d - a scroll of fog {unknown}
 e - 3 scrolls of enchant armour
 f - 2 scrolls of silence {unknown}
 g - a scroll of fear
 h - a scroll of immolation {unknown}
 i - a scroll of amnesia {unknown}
 k - a scroll of vulnerability
 m - 3 scrolls of magic mapping {unknown}
 n - a scroll of enchant weapon {unknown}


   Skills:
 + Level 4.6 Fighting
 - Level 1.5 Dodging
 - Level 1.5 Stealth
 * Level 8.8 Spellcasting
 * Level 7.4 Necromancy


You had 16 spell levels left.
You knew the following spells:

 Your Spells              Type           Power      Damage    Failure   Level
a - Necrotise             Necr           100%       1d9       1%          1
b - Vampiric Draining     Necr           46%        2d9       1%          3
c - Dispel Undead         Necr           46%        3d18      1%          4

Your spell library contained the following spells:

 Spells                   Type           Power      Damage    Failure   Level
 Animate Dead             Necr           46%        N/A       1%          4
 Cigotuvi's Dreadful Rot  Necr/Pois/Air  44%        N/A       2%          2
 Agony                    Necr           46%        N/A       5%          5
 Ensorcelled Hibernation  Hex/Ice        14%        N/A       6%          2
 Passwall                 Tmut/Erth      5%         N/A       6%          2
 Portal Projectile        Hex/Tloc       14%        N/A       12%         3
 Swiftness                Air            7%         N/A       12%         3
 Tukima's Dance           Hex            7%         N/A       12%         3
 Death Channel            Necr           23%        N/A       28%         6
 Blade Hands              Tmut           Unusable   N/A       N/A         5

Dungeon Overview and Level Annotations

Branches:
Dungeon (6/15)
 Temple: D:4-7

Altars:
Wu Jian

Shops:
D:6 :*

Annotations:
D:5 Sigmund


Innate Abilities, Weirdness & Mutations

You are immune to poison.
Your flesh is cold resistant. (rC+)
You are immune to negative energy. (rN+++)
You are immune to unholy pain and torment.
You are vulnerable to heat. (rF-)
You are in touch with the powers of death.
You do not drink.
You have a special connection with the divine. (Faith)


Message History

The ice beast is lightly wounded.
The ice beast hits you. The ice beast freezes you. You resist.
You hit the ice beast.
Lightning courses through the ice beast!
The ice beast is heavily wounded.
The ice beast barely misses you. The ice beast hits you.
The ice beast freezes you. You resist.
Casting: Necrotise (safe; 1% risk of failure)
Confirm with . or Enter, or press ? or * to list all spells.
Aiming: Vampiric Draining (safe; 1% risk of failure)
Press: ? - help, Shift-Dir - straight line, f/p - ice beast
Aim: an ice beast (heavily wounded)
You feel a surge of power!
You draw life force from the ice beast!
You kill the ice beast!
You feel life coursing into your body. The ice beast hits you.
The ice beast freezes you. You resist.
You feel a surge of power!
The ogre writhes in agony!
The ice beast hits you. The ice beast freezes you. You resist.
The ogre hits you with a +0 giant spiked club!!
Ouch! That really hurt!
* * * LOW HITPOINT WARNING * * *
Casting: Necrotise (safe; 1% risk of failure)
Confirm with . or Enter, or press ? or * to list all spells.
Aiming: Vampiric Draining (safe; 1% risk of failure)
Press: ? - help, Shift-Dir - straight line, f/p - ogre
Aim: an ogre, wielding a +0 giant spiked club (moderately wounded)
You feel a surge of power!
You draw life force from the ogre!
You feel life coursing into your body. The ice beast barely misses you.
Unknown command.
Casting: Vampiric Draining (safe; 1% risk of failure)
Confirm with . or Enter, or press ? or * to list all spells.
Aiming: Vampiric Draining (safe; 1% risk of failure)
Press: ? - help, Shift-Dir - straight line, f/p - ogre
Aim: an ogre, wielding a +0 giant spiked club (severely wounded)
You feel a surge of power!
You draw life force from the ogre!
You kill the ogre!
You feel life coursing into your body. The ice beast hits you.
* * * LOW HITPOINT WARNING * * *
The ice beast freezes you. You resist.
You die...

..... ######.####.#
..... #........##.#
.....######.####.#.##.#
......................
..........####.......
.Y.#......####.#.##.#
+.................
.##.###.)....####.######
......)@...........
.#.##.#Y....###.#.#
#.............#
########### .


You could see an ice beast.

Vanquished Creatures
  An orc warrior (D:6)
  3 ice beasts
  2 ogres
  2 phantoms
  A bullfrog (D:6)
  2 necrophages
  2 scorpions (D:4)
  A jelly (D:4)
  2 hounds
  An orc priest (D:6)
  2 gnoll boudas
  2 iguanas
  17 gnolls
  7 adders
  A white imp (D:5)
  3 worms
  A dart slug (D:1)
  2 orcs
  6 bats
  2 endoplasms
  5 giant cockroaches
  3 goblins
  4 hobgoblins
  5 jackals
  4 quokkas
  4 ball pythons
  2 frilled lizards (D:1)
  5 kobolds
  8 rats
100 creatures vanquished.

Vanquished Creatures (collateral kills)
  A gnoll (D:5)
  A frilled lizard (D:1)
2 creatures vanquished.

Grand Total: 102 creatures vanquished

Notes
Turn   | Place    | Note
-------+----------+-------------------------------------------
     0 | D:1      | oldriver the Mummy Necromancer began the quest for the Orb.
     0 | D:1      | Reached XP level 1. HP: 13/13 MP: 4/4
   107 | D:1      | Reached skill level 3 in Spellcasting
   333 | D:1      | Reached XP level 2. HP: 20/20 MP: 4/6
  1055 | D:2      | Reached skill level 1 in Fighting
  1154 | D:2      | Gained mutation: You are in touch with the powers of death.
                  | [Mummy growth]
  1154 | D:2      | Reached XP level 3. HP: 26/26 MP: 1/8
  1224 | D:2      | Learned a level 3 spell: Vampiric Draining
  1450 | D:2      | Reached skill level 4 in Spellcasting
  1518 | D:2      | Found a faded altar of an unknown god.
  1903 | D:3      | Reached XP level 4. HP: 29/32 MP: 5/10
  2783 | D:4      | Reached skill level 5 in Spellcasting
  2783 | D:4      | Reached XP level 5. HP: 38/38 MP: 5/12
  3121 | D:4      | Found an ornate altar of the Wu Jian Council.
  3226 | D:4      | Learned a level 4 spell: Dispel Undead
  3283 | D:4      | Reached skill level 5 in Necromancy
  3283 | D:4      | Reached XP level 6. HP: 46/46 MP: 7/14
  3396 | D:4      | Reached skill level 6 in Spellcasting
  4010 | D:4      | Reached XP level 7. HP: 50/52 MP: 17/17
  4374 | D:5      | Entered Level 5 of the Dungeon
  4495 | D:5      | Reached skill level 7 in Spellcasting
  4648 | D:5      | Noticed Sigmund
  4964 | D:6      | Found Onusaf's Book Emporium.
  5051 | D:6      | Reached XP level 8. HP: 60/60 MP: 14/19
  5148 | D:6      | Found Tanem's Elemental Accessories.
  5177 | D:6      | Reached skill level 8 in Spellcasting
  5556 | D:5      | HP: 1/61 [ogre/+0 giant spiked club (34)]
  5558 | D:5      | Slain by an ice beast

Illustrated notes

Levels and vault maps discovered:
D:1:      lemuel_arrival_broad_hall, layout_loops_corners
D:2:      layout_rooms, ebering_ecumenical_altar_petrified, minmay_distorted
D:3:      layout_loops_ring
D:4:      layout_loops_corners, tso_oasis_becter, nicolae_overflow_crystal_walls
D:5:      layout_basic, temple_statues, uniq_ijyb, uniq_prince_ribbit1,
          uniq_sigmund
D:6:      layout_cave_pools, mainiacjoe_overflow_cross_hatched,
          lemuel_coloured_pillars_altar, serial_shops, shop,
          minmay_crystal_water, hangedman_abyss_or_decor_jellyfish_corner,
          nicolae_elemental_shop, nicolae_titane

Skill      XL: |  1  2  3  4  5  6  7  8 |
---------------+-------------------------+-----
Spellcasting   | 3 4 5 6 7 8 |  8.8
Fighting       | 1 2 3 4 |  4.6
Necromancy     | 5 6 7 |  7.4
Dodging        | |  1.5
Stealth        | |  1.5

Action                   |  1- 3 |  4- 6 |  7- 9 || total
-------------------------+-------+-------+-------++-------
Melee: Unarmed           |     7 |       |       ||     7
       Whip              |     2 |    18 |    11 ||    31
 Cast: Necrotise         |    71 |    81 |    77 ||   229
       Vampiric Draining |       |     8 |    15 ||    23
       Dispel Undead     |       |       |     2 ||     2
  Use: Scroll            |       |       |     3 ||     3
Armor: Robe              |     5 |    11 |     2 ||    18
Dodge: Dodged            |    18 |    45 |    34 ||    97

Table legend: (Time is in decaauts)
 A = Elapsed time spent in this place.
 B = Non-inter-level travel time spent in this place.
 C = Inter-level travel time spent in this place.
 D = Time resting spent in this place.
 E = Time spent auto-exploring this place.
 F = Levels seen in this place.
 G = Mean time per level.
                   A        B        C        D        E       F      G
               +--------+--------+--------+--------+--------+-----+--------+
         Total |   5560 |   5425 |    135 |    213 |   4534 |   6 |  926.7 |
       Dungeon |   5560 |   5425 |    135 |    213 |   4534 |   6 |  926.7 |
               +--------+--------+--------+--------+--------+-----+--------+

Top non-repeatable levels by time:
     D:4: 1573 daAuts
     D:1: 1051 daAuts
     D:3: 957 daAuts
     D:2: 834 daAuts
     D:5: 602 daAuts
     D:6: 541 daAuts
